 Dungeon Crawl Stone Soup version 0.30-a0-845-g7c6808c8ce (webtiles) character file.

Game seed: 10154770800158082618

24 jimonade the Magician (level 3, -2/28 HPs)
             Began as a Djinni Warper on Mar 2, 2023.
             Slain by Natasha (4 damage)
             ... on level 3 of the Dungeon.
             The game lasted 00:02:17 (826 turns).

jimonade the Magician (Djinni Warper)                Turns: 826, Time: 00:02:18

Health: -2/28      AC:  3    Str: 12    XL:     3   Next: 15%
Gold:   138        EV: 12    Int: 14    God:
                   SH:  0    Dex: 12

rFire   + + .      SeeInvis .    a - +0 short sword
rCold   x . .      Faith    .    (no shield)
rNeg    . . .      Spirit   .    b - +0 leather armour
rPois   ∞          Reflect  .    (no helmet)
rElec   .          Rampage  .    (no cloak)
rCorr   .                        (no gloves)
Will    .....                    (boots unavailable)
Stlth   +                        (no amulet)
HPRegen 0.24/turn                (no ring)
MPRegen 0.00/turn                (no ring)

@: flying
A: sickness immunity, fire resistance 2, cold vulnerability 1, float, innate
caster, HP casting, extra vitality 1
a: no special abilities


You were on level 3 of the Dungeon.
You visited 1 branch of the dungeon, and saw 3 of its levels.

You collected 138 gold pieces.

Inventory:

Hand Weapons
 a - a +0 short sword (weapon)
 j - a +0 sling
Missiles
 d - 7 boomerangs of dispersal (quivered)
 k - 8 stones
Armour
 b - a +0 leather armour (worn)
Scrolls
 c - 2 scrolls of blinking
 e - a scroll of acquirement {unknown}
 f - a scroll of fear {unknown}
 i - a scroll of fog {unknown}
Potions
 g - a potion of flight {unknown}
 h - a potion of invisibility {unknown}


   Skills:
 + Level 2.1 Fighting
 + Level 2.0 Short Blades
 + Level 0.7 Throwing
 + Level 1.1 Armour
 + Level 2.4 Dodging
 + Level 0.3 Stealth
 * Level 2.8 Spellcasting


You knew the following spells:

 Your Spells              Type           Power      Damage    Failure   Level
a - Blink                 Tloc           18%        N/A       13%         2
b - Lesser Beckoning      Tloc           18%        N/A       13%         2
c - Vhi's Electric Charg  Tloc/Air       18%        N/A       26%         3
d - Teleport Other        Tloc           9%         N/A       26%         3
e - Manifold Assault      Tloc           9%         N/A       65%         4
f - Summon Small Mammal   Summ           36%        N/A       9%          1
Your spell library was empty.

Dungeon Overview and Level Annotations

Branches:
Dungeon (3/15)

Altars:

Annotations:
D:3 Natasha


Innate Abilities, Weirdness & Mutations

You are immune to sickness and miasma.
You are immune to poison.
Your flesh is very heat resistant. (rF++)
You are vulnerable to cold. (rC-)
You float through the air rather than walking.
You learn spells naturally, not from books.
Your magical power is your life essence.
You have superior vitality. (+4 MHP)


Message History

You hit the goblin.
You kill the goblin!
An endoplasm comes into view.
The endoplasm quivers.
Things that are here:
a +0 dagger; a goblin corpse A hobgoblin and a kobold come into view.
Found 8 stones.
The hobgoblin shouts!
The kobold shouts!
The hobgoblin attacks as you move away! The hobgoblin closely misses you.
The endoplasm freezes you.
You are frozen!
You feel a terrible chill!
You hit the endoplasm. You punch the endoplasm.
You kill the endoplasm!
The hobgoblin closely misses you.
You hit the hobgoblin.
The hobgoblin is almost dead.
The hobgoblin barely misses you.
You hit the hobgoblin.
You kill the hobgoblin!
You hit Natasha.
Natasha is lightly wounded.
Natasha mewls in sadness.
Natasha claws you!
You hit Natasha.
Natasha is moderately wounded.
Natasha casts a spell at you. The magic dart hits you!
* * * LOW HITPOINT WARNING * * *
You hit Natasha but do no damage.
Natasha is moderately wounded.
Natasha claws you.
* * * LOW HITPOINT WARNING * * *
You hit Natasha.
Natasha is moderately wounded.
Natasha barely misses you.
You hit Natasha.
Natasha is moderately wounded.
Natasha claws you.
You die...

## #. .. .## ..#
#.# #.# #@# #h#
#K## #...#)###
....K(###..#
...... #.#<#
...............#
###..!.......!....
###.#######.....


You could see Natasha and a kobold.

Vanquished Creatures
  An adder (D:2)
  2 endoplasms
  A giant cockroach (D:2)
  2 goblins
  4 hobgoblins
  A ball python (D:1)
  A bat (D:2)
  A kobold (D:1)
  A rat (D:2)
14 creatures vanquished.

Notes
Turn   | Place    | Note
-------+----------+-------------------------------------------
     0 | D:1      | jimonade the Djinni Warper began the quest for the Orb.
     0 | D:1      | jimonade set off with the following spells memorised:
                  | Blink, Lesser Beckoning, Vhi's Electric Charge, Teleport
                  | Other, Manifold Assault.
     0 | D:1      | Reached XP level 1. HP: 18/18 MP: 0/0
    70 | D:1      | You are sucked into a shaft and drop 1 floor!
   375 | D:2      | Reached XP level 2. HP: 19/23 MP: 0/0
   711 | D:2      | Reached XP level 3. HP: 24/28 MP: 0/0
   711 | D:2      | Learned a level 1 spell: Summon Small Mammal
   809 | D:3      | Noticed Natasha
   826 | D:3      | Slain by Natasha

Illustrated notes

Levels and vault maps discovered:
D:1:      amcnicky_arrival_abandoned_market, layout_basic
D:2:      layout_basic, chequers_jeans
D:3:      layout_loops_ring, shapermc_ecumenical_altar_notcrosses,
          grunt_decor_clamped, uniq_natasha

Skill      XL: |  1  2 |
---------------+-------+-----
Short Blades   | 2 |  2.0
Fighting       | |  2.1
Throwing       | |  0.7
Armour         | |  1.1
Dodging        | |  2.4
Stealth        | |  0.3
Spellcasting   | |  2.8

Action                     || total
---------------------------++-------
  Melee: Short sword       ||    90
         Punch             ||     1
   Stab: Sleeping          ||     1
 Armour: Leather armour    ||    29
  Dodge: Dodged            ||    47

Table legend: (Time is in decaauts)
 A = Elapsed time spent in this place.
 B = Non-inter-level travel time spent in this place.
 C = Inter-level travel time spent in this place.
 D = Time resting spent in this place.
 E = Time spent auto-exploring this place.
 F = Levels seen in this place.
 G = Mean time per level.
                   A        B        C        D        E       F      G
               +--------+--------+--------+--------+--------+-----+--------+
         Total |    817 |    817 |      0 |     21 |    480 |   3 |  272.3 |
       Dungeon |    817 |    817 |      0 |     21 |    480 |   3 |  272.3 |
               +--------+--------+--------+--------+--------+-----+--------+

Top non-repeatable levels by time:
     D:2: 732 daAuts
     D:1: 69 daAuts
     D:3: 15 daAuts
